 Dungeon Crawl Stone Soup version 0.32-a0-900-g30fb1b0edc (console) character file.

Game seed: 1461287728516961665

2699 petzl the Magician (level 9, -3/60 (66) HPs)
             Began as a Formicid Delver on Apr 5, 2024.
             Was an Initiate of Vehumet.
             Slain by a yak (14 damage)
             ... on level 7 of the Dungeon.
             The game lasted 00:40:08 (9779 turns).

petzl the Magician (Formicid Delver)                Turns: 9779, Time: 00:40:08

HP:   -3/60 (66)    AC:  5    Str: 17    XL:     9   Next: 97%
MP:   27/27         EV: 12    Int: 14    God:    Vehumet [......]
Gold: 142           SH:  0    Dex: 15    Spells: 10/21 levels left

rFire   . . .        a - +1 dagger (venom) {!f =f}
rCold   . . .        (no shield)
rNeg    . . .        v - +0 steam dragon scales
rPois   .            (helmet unavailable)
rElec   .            (no cloak)
rCorr   .            (no gloves)
SInv    +            (no boots)
Will    .....        (no amulet)
Stlth   +++          m - ring of magical power
HPRegen 0.30/turn    (no ring)
MPRegen 0.20/turn

%: no passive effects
@: drained
A: permanent stasis, dig shafts and tunnels, antennae 3, four strong arms
a: Dig, Shaft Self, Renounce Religion


You were on level 7 of the Dungeon.
You worshipped Vehumet.
Vehumet was noncommittal.
You visited 1 branch of the dungeon, and saw 9 of its levels.
You also visited: Bailey.

You collected 428 gold pieces.
You spent 286 gold pieces at shops.

Inventory:

Hand Weapons
 a - a +1 dagger of venom (weapon) {!f =f}
 b - a +0 orcbow
 c - a +1 whip of holy wrath
 d - a +0 quarterstaff
 g - a +1 heavy hand axe {!f =f}
 k - a +0 sling
 x - a +2 flail of pain
Missiles
 e - 2 javelins
 q - 2 throwing nets
 r - 9 poisoned darts
Armour
 v - +0 steam dragon scales (worn)
Jewellery
 m - a ring of magical power (left hand)
Wands
 f - a wand of digging (1)
 p - a wand of warping (3)
 u - a wand of paralysis (3)
Scrolls
 h - a scroll of enchant weapon
 i - a scroll of poison
 o - a scroll of immolation
 t - a scroll of fog
 y - a scroll of fear
 z - a scroll of revelation
Potions
 j - 2 potions of curing {unknown}
 l - a potion of ambrosia {unknown}
 n - a potion of invisibility {unknown}
 s - a potion of brilliance {unknown}
 w - a potion of berserk rage {unknown}


   Skills:
 - Level 4.7 Fighting
 - Level 2.0 Maces & Flails
 - Level 6.6 Ranged Weapons
 - Level 3.1 Dodging
 - Level 6.0 Stealth
 + Level 6.6 Spellcasting
 - Level 4.4 Conjurations
 - Level 1.1 Translocations
 + Level 0.0 Fire Magic
 - Level 4.9 Ice Magic
 + Level 0.0 Alchemy


You had 10 spell levels left.
You knew the following spells:

 Your Spells              Type           Power      Damage    Failure   Level
a - Hailstorm             Conj/Ice       17%        3d6       6%          3
p - Passage of Golubria   Tloc           7%         N/A       67%         4
s - Sticky Flame          Fire/Alch      4%         2d4       83%         4

Your spell library contained the following spells:

 Spells                   Type           Power      Damage    Failure   Level
 Freeze                   Ice            72%        1d8       1%          1
 Magic Dart               Conj           68%        1d6       2%          1
 Frozen Ramparts          Ice            36%        1d6       6%          3
 Momentum Strike          Conj/Tloc      24%        3d8       7%          2
 Lesser Beckoning         Tloc           14%        N/A       14%         2
 Call Imp                 Summ           8%         N/A       22%         2
 Jinxbite                 Hex            8%         N/A       22%         2
 Petrify                  Alch/Erth      4%         N/A       83%         4
 Silence                  Hex/Air        2%         N/A       99%         5
 Lehudib's Crystal Spear  Conj/Erth      5%         10d3      100%        8
 Blink                    Tloc           Unusable   N/A       N/A         2

Dungeon Overview and Level Annotations

Branches:
Dungeon (9/15)             Temple (0/1) D:4          Bailey (visited)
   Lair: D:8-11         Orc: D:9-12

Altars:
Qazlal
Vehumet
The Shining One

Shops:
D:3 :

Annotations:
D:5 2 transporters
D:6 exclusion: downstairs
D:7 exclusions: downstairs and wyvern


Innate Abilities, Weirdness & Mutations

You cannot be hasted, slowed, berserked, paralysed or teleported.
You can dig through walls and to a lower floor.
You have a pair of large antennae on your head. (SInv)
Your four strong arms can wield two-handed weapons with a shield.


Message History

Moving in this stuff is going to be slow.
You enter the shallow water.
Moving in this stuff is going to be slow.
Found a stone staircase leading down.
There is a stone staircase leading down here.
You climb downwards.
The yak bellows!
The orc shouts!
The yak bellows!
The orc shouts!
You hear a shout!
The yak gores you!
An orc comes into view. It is wielding a +0 club.
Found 6 stones, a chain mail and 9 gold pieces.
Found a stone staircase leading down.
There is a stone staircase leading up, spattered with blood here.
Unknown command.
Unknown command.
Okay, then.
Unknown command.
Unknown command.
The yak bellows!
The yak gores you! x2; The yak misses you.
You climb upwards.
Level annotation: exclusions: downstairs and wyvern
There is a stone staircase leading down here.
You extend your mandibles.
Unknown command.
Unknown command.
You retract your mandibles.
Unknown command.
Unknown command.
You extend your mandibles.
You dig through the rock wall.
You feel drained. The yak gores you!
* * * LOW HITPOINT WARNING * * *
You dig through the rock wall.
You feel drained.
You retract your mandibles.
The yak gores you.
* * * LOW HITPOINT WARNING * * *
The yak attacks as it pursues you! The yak gores you.
* * * LOW HITPOINT WARNING * * *
Are you sure you want to shaft yourself?
The yak gores you!
You die...

##... .... ####...
#.>.... #.###.# #. #.. #.
### #.##### # ### #......
#. ##.## #######
#.########...##
#.#..........########
#..#####...........# ##
##.## #.......###.## #.#
####.# #...###.......
#.###Y#.## #...# #####.##
#.#.#Y.#####...# #.#
#Y#.#Y@.......#######.#
##.#########..........#
### #......##### #.####.#
#.# #.# ####.####.#
#.........######
#.#...##........
#######......#..######
#...........##..#
#.#####.##......#
#.#####.##.###.##
##....#.##.###.#
######.#.......(# ## #≈#
#.###...#### #. ##≈##
#.##.....## ##. ##≈≈≈#
#.#.......## ##..
#≈≈≈≈###..........####...


You could see 3 yaks.

Vanquished Creatures
  Sigmund (D:4)
  Eustachio (D:6)
  A steam dragon (D:6)
  Edmund (D:4)
  A black bear (D:5)
  3 sky beasts
  An ice beast (D:6)
  2 ogres
  A centaur (D:7)
  A phantom (D:4)
  6 bullfrogs
  2 scorpions (D:6)
  2 bombardier beetles
  A crimson imp (D:3)
  3 jellies
  An orc priest (D:5)
  6 hounds
  4 iguanas
  Ijyb (D:3)
  3 orc wizards
  4 gnolls (Bailey)
  8 adders
  A shadow imp (D:7)
  2 white imps
  3 ribbon worms
  4 dart slugs
  17 orcs
  4 ball pythons
  8 endoplasms
  6 giant cockroaches
  6 hobgoblins
  10 jackals
  2 quokkas
  6 bats
  3 frilled lizards
  9 goblins
  A goblin skeleton (D:3)
  A goblin zombie (D:3)
  4 kobolds
  3 kobold skeletons (D:3)
  2 kobold zombies (D:3)
  An orc skeleton (D:3)
  2 orc zombies (D:3)
  5 rats
154 creatures vanquished.

Notes
Turn   | Place    | Note
-------+----------+-------------------------------------------
     0 | D:5      | petzl the Formicid Delver began the quest for the Orb.
     0 | D:5      | Reached XP level 1. HP: 18/18 MP: 1/1
   166 | D:4      | Noticed a bombardier beetle
   245 | D:3      | Found a stormy altar of Qazlal.
   245 | D:3      | Noticed a sky beast
   331 | D:1      | Reached skill level 1 in Ranged Weapons
   331 | D:1      | Reached skill level 1 in Spellcasting
   331 | D:1      | Reached XP level 2. HP: 24/24 MP: 3/3
   835 | D:2      | Reached XP level 3. HP: 26/29 MP: 5/5
  1031 | D:2      | Reached XP level 4. HP: 35/35 MP: 7/7
  1551 | D:3      | You fall into a shaft and drop 1 floor!
  2063 | D:5      | Found a transporter.
  2193 | D:5      | Reached XP level 5. HP: 26/41 MP: 9/9
  2327 | D:4      | Noticed a phantom
  2378 | D:3      | Found Koff's Book Shoppe.
  2662 | D:3      | Noticed Ijyb
  2694 | D:3      | Killed Ijyb
  2758 | D:3      | Found a glowing golden altar of the Shining One.
  2787 | D:3      | Reached XP level 6. HP: 46/47 MP: 11/11
  3106 | D:4      | Noticed Edmund
  3115 | D:4      | Noticed an ogre
  3137 | D:4      | You fall into a shaft and drop 1 floor!
  3197 | D:5      | Noticed a black bear
  3511 | D:5      | Found a transporter.
  3717 | D:5      | Learned a level 3 spell: Hailstorm
  3935 | D:4      | Found a staircase to the Ecumenical Temple.
  3984 | D:4      | Reached XP level 7. HP: 50/52 MP: 13/13
  4021 | D:4      | Reached skill level 1 in Conjurations
  4021 | D:4      | Reached skill level 1 in Ice Magic
  4043 | D:4      | Killed Edmund
  4202 | D:4      | Noticed Sigmund
  4209 | D:4      | Killed Sigmund
  4210 | D:4      | Reached skill level 5 in Ranged Weapons
  4210 | D:4      | Reached skill level 5 in Spellcasting
  4210 | D:4      | Reached XP level 8. HP: 58/58 MP: 15/15
  4312 | D:4      | You fall into a shaft and drop 3 floors!
  4702 | D:9      | Noticed an unseen horror
  4899 | D:8      | Found a flagged portal.
  4982 | Bailey   | Entered a bailey
  5929 | D:7      | Reached XP level 9. HP: 10/64 MP: 17/17
  7145 | D:6      | Noticed Eustachio
  8536 | D:5      | Learned a level 4 spell: Passage of Golubria
  8780 | D:6      | Killed Eustachio
  8996 | D:7      | Reached skill level 1 in Translocations
  9264 | D:3      | Bought the Meditations on Reformation and the Evil Eye for
                  | 286 gold pieces
  9269 | D:3      | Learned a level 4 spell: Sticky Flame
  9462 | D:7      | Found a radiant altar of Vehumet.
  9492 | D:7      | Became a worshipper of Vehumet
  9592 | D:7      | Noticed a hornet
  9779 | D:7      | Slain by a yak

Illustrated notes

Levels and vault maps discovered:
D:1:      minmay_arrival_cross, layout_rooms, minmay_misc_feat_columns,
          fountainhead
D:2:      layout_basic
D:3:      layout_loops_ring, nicolae_qazlal_beasts_of_the_sky,
          nicolae_tso_besieged_by_evil, serial_shops, nicolae_shop_tiny_glass,
          uniq_ijyb
D:4:      layout_basic, minmay_temple_entry_wispy, uniq_edmund, uniq_sigmund
D:5:      gammafunk_steamed_eel, layout_loops_cross
D:6:      layout_layer_cave, grunt_decor_arrowhead, nicolae_eternal_life,
          uniq_eustachio
D:7:      minmay_spotlight, layout_loops_corners, okawaru_humans,
          marbit_many_paths, chequers_temple_overflow_minitemple,
          lemuel_tele_altar, serial_rivers, chequers_serial_rivers_large_a,
          chequers_serial_rivers_micro_e, chequers_serial_rivers_micro_d,
          chequers_serial_rivers_small_b
D:8:      layout_rooms, enter_bailey_5
D:9:      layout_rooms, nzn_wu_jian_contemplation, mainiacjoe_overflow_alcove_2,
          lair_entry_dummy, orc_david_3, gammafunk_ghost_arena,
          serial_park_tiny_pond, nicolae_elevator_lobby_asterisk

Skill      XL: |  1  2  3  4  5  6  7  8  9 |
---------------+----------------------------+-----
Ranged Weapons | 1 2 3 4 5 6 |  6.6
Spellcasting   | 1 2 3 4 5 6 |  6.6
Conjurations   | 2 3 4 |  4.4
Ice Magic      | 2 3 4 |  4.9
Dodging        | 3 |  3.1
Fighting       | 4 |  4.7
Translocations | 1 |  1.1
Maces & Flails | |  2.0
Stealth        | |  6.0

Action                     |  1- 3 |  4- 6 |  7- 9 || total
---------------------------+-------+-------+-------++-------
  Melee: Mace              |    18 |    25 |       ||    43
         Dagger            |       |   122 |   209 ||   331
         Whip              |       |    31 |    22 ||    53
         Halberd           |       |       |     3 ||     3
         Flail             |       |       |     2 ||     2
         Quarterstaff      |       |       |     2 ||     2
   Fire: Sling             |    71 |   119 |    46 ||   236
         Orcbow            |       |       |    76 ||    76
Ability: Dig               |     1 |     1 |     5 ||     7
         Shaft Self        |       |     2 |     2 ||     4
  Evoke: Wand              |       |       |    16 ||    16
    Use: Scroll            |       |     1 |     7 ||     8
         Potion            |       |       |     1 ||     1
   Stab: Sleeping          |       |     3 |     1 ||     4
         Paralysed         |       |       |    12 ||    12
 Armour: Leather armour    |    28 |   118 |    64 ||   210
         Ring mail         |       |       |    90 ||    90
         Steam dragon scal |       |       |    65 ||    65
  Dodge: Dodged            |    22 |   113 |   158 ||   293

Table legend: (Time is in decaauts)
 A = Elapsed time spent in this place.
 B = Non-inter-level travel time spent in this place.
 C = Inter-level travel time spent in this place.
 D = Time resting spent in this place.
 E = Time spent auto-exploring this place.
 F = Levels seen in this place.
 G = Mean time per level.
                   A        B        C        D        E       F      G
               +--------+--------+--------+--------+--------+-----+--------+
         Total |   9831 |   9157 |    674 |   2942 |   3346 |  10 |  983.1 |
       Dungeon |   9589 |   8915 |    674 |   2785 |   3346 |   9 | 1065.4 |
        Bailey |    241 |    241 |      0 |    157 |      0 |   1 |  241.0 |
               +--------+--------+--------+--------+--------+-----+--------+

Top non-repeatable levels by time:
     D:6: 2225 daAuts
     D:5: 1451 daAuts
     D:4: 1360 daAuts
     D:3: 1298 daAuts
     D:7: 1228 daAuts
     D:8: 986 daAuts
     D:2: 533 daAuts
     D:1: 493 daAuts
  Bailey: 241 daAuts
     D:9: 11 daAuts
